AoeStats
← AiM | Facu1414

African Clearing

505379438Analyzed
4v4 RM · 22d ago on Sep 9, 2026· 65m 0s· 8 players
Game mode
Random Map
Map size
Large (8 player)
Population
200
Speed
Normal
Resources
Standard
Victory
Conquest
Starting age
Dark Age
Ending age
Imperial Age
RankedLock teamsTeams togetherTeam positionsShared explorationLock speedFull tech treeHidden civsTurbo modeCheats
Victory
Defeat
1612
+9
🇦🇷 Cumans · Argentina
1554
+11
🇦🇷 Spanish · Argentina
1538
+11
🇲🇽 Khmer · Mexico
1499
+13
🇪🇨 Celts · Ecuador
1502
-14
🇨🇳 Bulgarians · China
1445
-11
🇩🇪 Maya · Germany
1397
-10
🇲🇽 Franks · Mexico
1378
-9
Mauzic
10:57 Loom
13:16 Feudal Age
15:17 Double-Bit Axe
16:11 Forging
23:06 Castle Age
22:07 Scale Barding Armor
22:29 Scale Mail Armor
23:58 Bow Saw
29:07 Husbandry
30:45 Iron Casting
34:37 Chain Mail Armor
34:46 Chain Barding Armor
45:24 Wheelbarrow
47:14 Hand Cart
46:29 Pikeman
46:56 Gambesons
47:11 Squires
50:30 Chain Mail Armor
53:21 Imperial Age
53:33 Halberdier
56:05 Blast Furnace
55:36 Plate Mail Armor
58:10 Fletching
[ECU] Tecno>Luis
7:34 Loom
13:45 Feudal Age
14:27 Town Watch
18:40 Castle Age
23:53 Double-Bit Axe
26:41 Fletching
27:21 Horse Collar
31:29 Bow Saw
33:53 Heavy Plow
35:42 Wheelbarrow
35:16 Fishing Lines
36:58 Hand Cart
40:02 Imperial Age
38:37 Pikeman
40:10 Heavy Scorpion
41:04 Furor Celtica
41:49 Conscription
42:07 Ballistics
42:48 Chemistry
41:57 Scale Mail Armor
43:32 Chain Mail Armor
43:10 Gold Mining
43:11 Stone Mining
43:53 Masonry
43:39 Murder Holes
43:58 Gambesons
44:25 Forging
45:56 Iron Casting
46:38 Plate Mail Armor
46:53 Halberdier
48:49 Blast Furnace
48:41 Gold Shaft Mining
47:44 Capped Ram
49:25 Bodkin Arrow
54:07 Elite Woad Raider
54:27 Siege Ram
55:38 Guilds
62:53 Onager
63:41 Siege Engineers
_______
17:11 Feudal Age
18:08 Double-Bit Axe
18:28 Loom
20:49 Castle Age
18:54 Fishing Lines
19:19 Fletching
20:29 Gold Mining
20:32 Stone Mining
22:00 Gillnets
22:39 Bow Saw
22:35 Bodkin Arrow
23:40 Wheelbarrow
33:00 Padded Archer Armor
34:16 Ballistics
39:50 Leather Archer Armor
40:45 Horse Collar
45:48 Imperial Age
43:50 Thumb Ring
45:57 Elite Plumed Archer
46:59 Conscription
47:43 Chemistry
46:47 Bracer
47:19 Ring Archer Armor
49:03 Heavy Plow
49:21 Hand Cart
49:14 Pikeman
49:43 Halberdier
慎独
11:50 Feudal Age
13:07 Arson
13:38 Loom
13:39 Town Watch
14:58 Scale Mail Armor
15:09 Forging
17:42 Wheelbarrow
17:54 Double-Bit Axe
24:03 Castle Age
32:37 Horse Collar
34:23 Heavy Plow
35:48 Gold Mining
37:00 Bow Saw
39:15 Hand Cart
43:38 Imperial Age
41:25 Fletching
41:41 Scale Barding Armor
42:11 Iron Casting
41:55 Bodkin Arrow
43:24 Chain Barding Armor
45:08 Plate Barding Armor
45:34 Blast Furnace
45:07 Conscription
45:28 Gold Shaft Mining
45:16 Bloodlines
45:06 Husbandry
45:28 Cavalier
46:59 Stirrups
47:21 Light Cavalry
48:26 Squires
48:38 Pikeman
52:22 Chain Mail Armor
51:37 Halberdier
53:43 Plate Mail Armor
56:37 Crop Rotation
58:42 Capped Ram
59:42 Siege Ram
60:37 Stone Mining
62:39 Onager
CTM | HerectorAlejandroBotas
4:27 Loom
12:41 Feudal Age
17:05 Castle Age
15:02 Double-Bit Axe
16:52 Fletching
18:42 Bow Saw
20:04 Bodkin Arrow
25:19 Horse Collar
26:10 Padded Archer Armor
28:54 Leather Archer Armor
29:52 Wheelbarrow
29:30 Town Watch
29:49 Stone Mining
29:49 Gold Mining
33:42 Hand Cart
34:54 Malon
37:42 Imperial Age
37:16 Gold Shaft Mining
37:14 Heavy Plow
37:51 Stone Shaft Mining
39:35 Chemistry
37:58 Elite Bolas Rider
38:52 Butalmapu
40:04 Ballistics
39:14 Champi Runner
39:57 Scale Mail Armor
39:45 Capped Ram
40:57 Chain Mail Armor
40:03 Champi Warrior
41:06 Conscription
42:06 Ring Archer Armor
41:35 Elite Champi Warrior
43:51 Plate Mail Armor
43:33 Forging
46:05 Iron Casting
48:29 Blast Furnace
48:49 Siege Engineers
49:06 Elite Skirmisher
52:04 Crop Rotation
59:05 Caravan
58:43 Pikeman
59:56 Arson
60:41 Halberdier
ZEK000
3:43 Loom
12:19 Feudal Age
20:12 Wheelbarrow
26:58 Castle Age
25:18 Double-Bit Axe
26:23 Fletching
31:27 Town Watch
34:51 Horse Collar
37:35 Bow Saw
43:35 Imperial Age
41:41 Scale Barding Armor
41:46 Forging
41:50 Bloodlines
41:40 Husbandry
42:15 Husbandry
43:51 Chain Barding Armor
43:54 Gold Mining
45:46 Plate Barding Armor
45:46 Iron Casting
46:02 Tusk Swords
45:59 Capped Ram
48:24 Siege Ram
50:33 Elite Battle Elephant
57:13 Blast Furnace
55:59 Light Cavalry
56:13 Heavy Scorpion
58:56 Double Crossbow
61:00 Chemistry
60:21 Ballistics
61:19 Hussar
AiM | Facu1414
7:25 Loom
14:20 Feudal Age
18:36 Castle Age
17:39 Fletching
21:21 Double-Bit Axe
25:15 Bodkin Arrow
26:12 Padded Archer Armor
27:30 Ballistics
30:32 Bloodlines
32:58 Leather Archer Armor
33:58 Scale Barding Armor
33:41 Horse Collar
34:58 Gold Mining
36:24 Chain Barding Armor
38:55 Heavy Plow
39:08 Bow Saw
39:37 Thumb Ring
43:35 Wheelbarrow
42:45 Town Watch
46:05 Imperial Age
43:49 Forging
45:59 Iron Casting
46:39 Gold Shaft Mining
46:08 Cavalier
47:25 Plate Barding Armor
47:51 Blast Furnace
47:16 Conscription
48:01 Coinage
47:47 Paladin
50:35 Blast Furnace
51:38 Hand Cart
53:51 Chemistry
53:11 Capped Ram
54:24 Siege Ram
56:12 Ring Archer Armor
56:32 Cuman Mercenaries
57:50 Crop Rotation
58:21 Two-Man Saw
57:12 Stone Mining
60:12 Caravan
63:10 Banking
62:50 Guilds
64:41 Masonry
64:26 Murder Holes
AIM | Agua cate 98
3:25 Loom
12:29 Feudal Age
12:58 Town Watch
13:11 Double-Bit Axe
14:39 Wheelbarrow
15:23 Fletching
35:01 Castle Age
45:17 Horse Collar
46:19 Heavy Plow
48:11 Fortified Wall
49:30 Bow Saw
53:08 Imperial Age
51:12 Gold Mining
51:12 Stone Mining
51:49 Caravan
52:40 Masonry
53:01 Bloodlines
52:51 Husbandry
53:40 Stone Shaft Mining
53:25 Hand Cart
54:16 Forging
54:11 Scale Barding Armor
53:33 Light Cavalry
54:36 Hussar
56:04 Iron Casting
56:08 Chain Barding Armor
56:00 Cavalier
57:44 Guard Tower
58:54 Chemistry
58:15 Ballistics
59:30 Town Patrol
59:14 Capped Ram
60:20 Siege Ram
61:28 Conscription
61:22 Onager
61:49 Paladin
64:20 Coinage
Connection lost

Rejoining the realm…

Still unreachable

The connection could not be restored.

Session expired

The server has moved on; the page needs a fresh start.